 Dungeon Crawl Stone Soup version 0.16-a0-702-gf4f471d (webtiles) character file.

846 RobertPalmer the Covert (level 8, 0/52 HPs)
             Began as an Octopode Wanderer on Sept 20, 2014.
             Succumbed to a worker ant's poison
             ... on Level 5 of the Dungeon.
             The game lasted 00:11:47 (3740 turns).

RobertPalmer the Covert (Octopode Wanderer)         Turns: 3740, Time: 00:11:47

HP   0/52        AC  1     Str 10      XL: 8   Next:  0%
MP  18/18        EV 11     Int 15      God:
Gold 307         SH  0     Dex 14      Spells:  0 memorised,  7 levels left

rFire  . . .     SeeInvis .     b - +9 whip "Backscratcher" {flame, +Fly}
rCold  . . .     Clarity  .     (no shield)
rNeg   . . .     rCorr    .     (helmet restricted)
rPois  .         rRot     .     (no amulet)
rElec  .         Spirit   .     d - ring of magical power
SustAb .         Warding  .     (no ring)
rMut   .         Stasis   .     (no ring)
Gourm  .                        (no ring)
MR     .....                    (no ring)
                                (no ring)
                                (no ring)
                                (no ring)

@: lethally poisoned, not resistant to hostile enchantments, very stealthy
A: almost no armour, amphibious, 8 rings, constrict 8, camouflage 1, gelatinous
body 1
a: Evoke Flight


You were on level 5 of the Dungeon.
You were not hungry.

You visited 1 branch of the dungeon, and saw 5 of its levels.

You collected 307 gold pieces.


Innate Abilities, Weirdness & Mutations

You cannot wear most types of armour.
You are amphibious.
You can wear up to eight rings at the same time.
You can use your tentacles to constrict many enemies at once.
Your skin changes colour to match your surroundings (Stealth).
Your rubbery body absorbs attacks (AC +1).


   Skills:
 - Level 3.0 Fighting
 - Level 3.1 Short Blades
 - Level 4.0 Maces & Flails
   Level 1.0 Polearms
 - Level 9.7 Stealth
 + Level 3.9 Shields
 - Level 1.1 Evocations


You had 7 spell levels left.
You didn't know any spells.

Inventory:

Hand weapons
 a - a +2 dagger of venom
 b - the +9 whip "Backscratcher" (weapon) {flame, +Fly}
   (You found it on level 5 of the Dungeon)

   It emits flame when wielded, causing extra injury to most foes and up to
   double damage against particularly susceptible opponents.
   It lets you fly.
 u - a +0 cutlass of holy wrath
Missiles
 i - 8 tomahawks (quivered)
 r - 20 poisoned needles
Armour
 x - a +0 buckler
Magical devices
 k - a wand of confusion (8)
 z - a wand of invisibility (4) {unknown}
Comestibles
 f - 5 bread rations
 g - a royal jelly
 l - a beef jerky
 v - a meat ration
 A - 3 rotting chunks of giant frog flesh {@*1}
Scrolls
 e - 4 scrolls of teleportation {unknown}
 h - 3 scrolls of identify
 j - a scroll of immolation {unknown}
 n - 2 scrolls of noise {unknown}
 q - a scroll of enchant armour {unknown}
 s - 2 scrolls of remove curse {unknown}
 t - a scroll of magic mapping {unknown}
 w - a scroll of fear {unknown}
 y - a scroll of amnesia {unknown}
Jewellery
 d - a ring of magical power (left tentacle)
Potions
 m - a potion of cure mutation {unknown}
 o - a potion of restore abilities {unknown}
 p - a potion of haste {unknown}

Dungeon Overview and Level Annotations

Branches:
Dungeon (5/15)
 Temple: D:4-7

Altars:
Ashenzari
Elyvilon
Okawaru
Ru
Xom

......................#..........
...............###....#..........
#####..........+ +...............
...............###.............#.
............................###..
............................###+#
................s.....###.>......
.........#+#...#.)...............
#....!.)...#(..#@................
..........#...#.........##'#....
..........#...#.........##'#....
.....#.c#.#>..#.................
....#..#.#......#..............
...##...#..................... .
...............#####.#+#.. ...
....... #.#.##. ... #.....)


You could see a scorpion.


Message History

The worker ant barely misses you.
You are too injured to fight recklessly!
Drink which item? (? for menu, Esc to quit)
You feel better.
You constrict the worker ant. The centaur hits you.
* * * LOW HITPOINT WARNING * * *
The worker ant bites you.
* * * LOW HITPOINT WARNING * * *
The centaur closely misses you.
You hit the centaur. You burn the centaur.
The centaur is almost dead.
You constrict the worker ant. The worker ant closely misses you.
The centaur hits you!
* * * LOW HITPOINT WARNING * * *
Drink which item? (? for menu, Esc to quit)
You feel better.
You constrict the worker ant. The centaur hits you.
* * * LOW HITPOINT WARNING * * *
The worker ant bites you.
* * * LOW HITPOINT WARNING * * *
The centaur hits you.
* * * LOW HITPOINT WARNING * * *
The worker ant bites you.
* * * LOW HITPOINT WARNING * * *
You are lethally poisoned!
The worker ant poisons you!
You whack the centaur! You burn the centaur.
You kill the centaur!
You constrict the worker ant.
You kill the worker ant!
You have reached level 8!
You die...

Action                   |  1- 3 |  4- 6 |  7- 9 || total
-------------------------+-------+-------+-------++-------
Melee: Hand axe          |    61 |       |       ||    61
       Unarmed           |     3 |       |       ||     3
       Dagger            |     5 |    53 |    41 ||    99
       Whip              |     1 |    49 |    31 ||    81
Throw: Tomahawk          |     6 |    10 |     1 ||    17
Evoke: Wand              |     2 |     5 |       ||     7
  Use: Scroll            |       |     1 |     1 ||     2
       Potion            |       |       |     3 ||     3
 Stab: Sleeping          |    12 |     5 |     4 ||    21
       Distracted        |     1 |       |       ||     1
       Confused          |       |     3 |       ||     3
  Eat: Chunk             |     2 |     3 |     4 ||     9

Vault maps used:
D:1:      dpeg_arrival_ratfight
D:2:      minmay_door_path, lemuel_round_altar, overflow_temple_1_default,
          serial_park_tiny_pond, minmay_gold_behind_plants,
          minmay_misc_feat_four_crosses
D:3:      wad_woods_stonehenge, lemuel_doored_altar
D:4:      first_bread
D:5:      cheibrodos_ashenzari_chains

Notes
Turn   | Place    | Note
--------------------------------------------------------------
     0 | D:1      | RobertPalmer, the Octopode Wanderer, began the quest for the Orb.
     0 | D:1      | Reached XP level 1. HP: 16/16 MP: 1/1
    89 | D:1      | Reached skill level 3 in Stealth
    89 | D:1      | Reached XP level 2. HP: 14/21 MP: 2/2
   532 | D:1      | Reached skill level 4 in Stealth
   561 | D:1      | Reached XP level 3. HP: 26/26 MP: 3/3
  1053 | D:2      | Reached skill level 5 in Stealth
  1206 | D:2      | Found a sacrificial altar of Ru.
  1434 | D:2      | Reached XP level 4. HP: 28/31 MP: 4/4
  1497 | D:2      | Found a white marble altar of Elyvilon.
  1624 | D:3      | Reached skill level 1 in Short Blades
  1629 | D:3      | Found an iron altar of Okawaru.
  1819 | D:3      | Reached skill level 6 in Stealth
  1836 | D:3      | Reached XP level 5. HP: 34/36 MP: 5/5
  1859 | D:3      | Found a shimmering altar of Xom.
  2228 | D:3      | Reached skill level 2 in Short Blades
  2298 | D:3      | Noticed PolkaDot's ghost (average DrTm)
  2327 | D:3      | Killed PolkaDot's ghost
  2327 | D:3      | Reached skill level 3 in Short Blades
  2327 | D:3      | Reached XP level 6. HP: 35/42 MP: 7/7
  2433 | D:3      | Reached skill level 7 in Stealth
  2615 | D:4      | Reached skill level 8 in Stealth
  2683 | D:4      | Reached skill level 9 in Stealth
  2683 | D:4      | Reached XP level 7. HP: 42/46 MP: 8/8
  3065 | D:5      | Entered Level 5 of the Dungeon
  3124 | D:5      | Reached skill level 1 in Shields
  3143 | D:5      | Got a crystal whip
  3151 | D:5      | Identified the +9 whip "Backscratcher" {flame, +Fly} (You found it on level 5 of the Dungeon)
  3292 | D:5      | Reached skill level 2 in Shields
  3685 | D:5      | Found a shattered altar of Ashenzari.
  3699 | D:5      | Reached skill level 3 in Shields
  3739 | D:5      | HP: 4/46 [centaur (3)]
  3739 | D:5      | HP: 1/46 [worker ant (3)]
  3740 | D:5      | Reached XP level 8. HP: 1/52 MP: 9/9
  3740 | D:5      | Succumbed to a worker ant's poison

Vanquished Creatures
  The ghost of PolkaDot the Skirmisher, an average DrTm (D:3)
  An ogre (D:4)
  A centaur (D:5)
  A giant frog (D:5)
  A scorpion (D:4)
  A hound (D:5)
  A goliath beetle (D:4)
  A crimson imp (D:5)
  An orc priest (D:4)
  An orc wizard (D:4)
  2 worker ants
  A worker ant zombie (D:5)
  A gnoll (D:3)
  8 adders
  3 green rats (D:3)
  An orc zombie (D:5)
  A giant mite (D:1)
  4 worms
  An inept item mimic (D:4)
  An iguana skeleton (D:4)
  An orc skeleton (D:4)
  5 giant geckos
  An ooze (D:2)
  14 orcs
  3 giant cockroaches
  11 hobgoblins
  4 jackals
  3 quokkas
  4 bats
  A giant gecko skeleton (D:3)
  4 giant newts
  A giant newt skeleton (D:4)
  4 goblins
  6 kobolds
  13 rats
  A plant (D:2)
109 creatures vanquished.
